 Dungeon Crawl Stone Soup version 0.24-a0-584-g9d6b971ae4 (webtiles) character file.

Game seed: 6926625830008802862, levelgen mode: classic

294801 SilverFang the Fencer (level 20, -4/161 HPs)
             Began as a Vampire Monk on Aug 24, 2019.
             Was an Initiate of Gozag.
             Killed from afar by Gastoe's ghost (5 damage)
             ... with a blast of sand
             ... on level 2 of the Vaults on Aug 30, 2019.
             The game lasted 02:15:38 (40486 turns).

SilverFang the Fencer (Vampire Monk)               Turns: 40486, Time: 02:15:39

Health: -4/161     AC: 19    Str: 17 (18) XL:     20   Next: 4%
Magic:  18/18      EV: 17    Int: 14      God:    Gozag
Gold:   4684       SH:  0    Dex: 18      Spells: 16/19 levels left

rFire    + + .     SeeInvis +   b - +9 great sword (freeze)
rCold    + + .     Gourm    .   (shield currently unavailable)
rNeg     . . .     Faith    .   J - +8 chain mail of Lilacs {rF+ rC+ MP-9 Stlth+}
rPois    +         Spirit   .   j - +2 hat
rElec    +         Reflect  .   x - +0 cloak {+Inv}
rCorr    +         Harm     .   s - +2 pair of gloves of Wasted Space {MR+}
MR       ++++.                  v - +2 pair of boots {run}
Stlth    +++.......             E - amulet "Pumyll" {Acrobat rElec rPois Stlth+}
HPRegen  0.56/turn              M - ring "Gimyrhep" {+Fly rF+ MR+ Slay+5}
MPRegen  0.16/turn              K - ring of resist corrosion

@: lethally poisoned (-4 -> -16), corroded, regenerating quickly, quick
A: no food, antennae 1, fangs 3, see invisible, cold resistance 1, deformed
body, deterioration 2, robust 1, strong 1, unbreathing
}: 2/15 runes: decaying, gossamer
a: Exsanguinate, Potion Petition, Call Merchant, Bribe Branch, Renounce
Religion, Evoke Invisibility, Evoke Flight


You were on level 2 of the Vaults.
You worshipped Gozag.
Gozag was most pleased with you.
You were alive.

You visited 7 branches of the dungeon, and saw 34 of its levels.
You also visited: Ossuary, Bailey, Gauntlet and Ice Cave.

You collected 21426 gold pieces.
You spent 6504 gold pieces at shops.
You paid 10238 gold pieces to Gozag.

Inventory:

Hand Weapons
 a - the +9 heavy crossbow "Sniper" {velocity, Acc+∞ SInv}
   (You found it on level 14 of the Dungeon)

   Any bolt fired from it inflicts extra damage.
   It lets you see invisible.
 b - a +9 great sword of freezing (weapon)
Missiles
 H - 509 bolts
Armour
 j - a +2 hat (worn)
 q - the quicksilver dragon scales of Ziduylem {MR+ Int+7}
   (You bought it in a shop on level 4 of the Lair of Beasts)

   It affects your intelligence (+7).
   It affects your resistance to hostile enchantments.
 s - the +2 pair of gloves of Wasted Space (worn) {MR+}
   (You bought it in a shop on level 4 of the Lair of Beasts)

   It affects your resistance to hostile enchantments.
 v - a +2 pair of boots of running (worn)
 x - a +0 cloak of invisibility (worn)
 y - a scarf of cloud immunity
 J - the +8 chain mail of Lilacs (worn) {rF+ rC+ MP-9 Stlth+}
   (You bought it in a shop on level 9 of the Dungeon)

   It protects you from fire.
   It protects you from cold.
   It affects your magic capacity (-9).
   It makes you more stealthy.
Jewellery
 E - the amulet "Pumyll" (around neck) {Acrobat rElec rPois Stlth+}
   (You found it in a Gauntlet)

   [amulet of the acrobat]

   It helps you evade while moving and waiting.
   It insulates you from electricity.
   It protects you from poison.
   It makes you more stealthy.
 K - a ring of resist corrosion (right hand)
 M - the ring "Gimyrhep" (left hand) {+Fly rF+ MR+ Slay+5}
   (You found it in a Gauntlet)

   [ring of protection from magic]

   It affects your accuracy and damage with ranged weapons and melee attacks
   (+5).
   It protects you from fire.
   It affects your resistance to hostile enchantments.
   It lets you fly.
Wands
 e - a wand of random effects (9)
 D - a wand of iceblast (4)
 Q - a wand of disintegration (33)
 T - a wand of paralysis (1)
Scrolls
 d - 14 scrolls of teleportation
 g - 15 scrolls of identify
 h - 15 scrolls of remove curse
 o - 4 scrolls of fear
 r - 4 scrolls of amnesia
 t - 3 scrolls of enchant weapon
 u - 5 scrolls of enchant armour
 w - 10 scrolls of fog
 A - 3 scrolls of immolation
 C - a scroll of silence
 I - 6 scrolls of magic mapping
 P - 3 scrolls of noise
 R - 2 scrolls of blinking
Potions
 c - 6 potions of might
 f - a potion of haste
 i - 11 potions of heal wounds
 l - 10 potions of lignification
 m - 3 potions of magic
 n - 2 potions of brilliance
 z - 5 potions of mutation
 B - a potion of curing
 F - 9 potions of flight
 G - 2 potions of invisibility
 L - 3 potions of resistance
 N - 3 potions of ambrosia
 O - a potion of cancellation


   Skills:
 - Level 10.0 Fighting
 + Level 18.5 Long Blades
 + Level 14.9 Crossbows
 + Level 13.1 Armour
 - Level 16.0 Dodging
 - Level 8.9 Stealth
   Level 4.0 Shields
 - Level 5.2 Hexes
 - Level 10.0 Evocations


You had 16 spell levels left.
You knew the following spells:

 Your Spells              Type           Power        Failure   Level  Hunger
a - Animate Skeleton      Necr           N/A          92%         1    N/A
t - Confusing Touch       Hex            ##....       26%         1    N/A
z - Apportation           Tloc           #.....       92%         1    N/A

Your spell library contained the following spells:

 Spells                   Type           Power        Failure   Level  Hunger
 Confuse                  Hex            ##......     63%         3    N/A
 Tukima's Dance           Hex            ##......     63%         3    N/A
 Beastly Appendage        Tmut           #.....       92%         1    N/A
 Flame Tongue             Conj/Fire      #....        92%         1    N/A
 Pain                     Necr           #...         92%         1    N/A
 Summon Butterflies       Summ           #.......     92%         1    N/A
 Summon Small Mammal      Summ           #...         92%         1    N/A
 Inner Flame              Hex/Fire       #.......     93%         3    N/A
 Summon Guardian Golem    Hex/Summ       #.......     93%         3    N/A
 Blink                    Tloc           N/A          98%         2    N/A
 Call Imp                 Summ           #.......     98%         2    N/A
 Passwall                 Tmut/Erth      #.......     98%         2    N/A
 Poisonous Vapours        Pois/Air       #.....       98%         2    N/A
 Shroud of Golubria       Chrm/Tloc      #.....       98%         2    N/A
 Sticks to Snakes         Tmut           #.......     98%         2    N/A
 Swiftness                Chrm/Air       #.......     98%         2    N/A
 Throw Flame              Conj/Fire      #.....       98%         2    N/A
 Call Canine Familiar     Summ           #.......     100%        3    N/A
 Conjure Flame            Conj/Fire      #.......     100%        3    N/A
 Gell's Gravitas          Tloc           #.........   100%        3    N/A
 Lesser Beckoning         Tloc           #.........   100%        3    N/A
 Mephitic Cloud           Conj/Pois/Air  #.......     100%        3    N/A
 Regeneration             Chrm/Necr      #.........   100%        3    N/A
 Spider Form              Tmut/Pois      #.........   100%        3    N/A
 Teleport Other           Tloc           #.......     100%        3    N/A
 Vampiric Draining        Necr           #.........   100%        3    N/A
 Animate Dead             Necr           N/A          100%        4    N/A
 Ice Form                 Ice/Tmut       #.......     100%        4    N/A
 Passage of Golubria      Tloc           N/A          100%        4    N/A
 Petrify                  Tmut/Erth      #.......     100%        4    N/A
 Sticky Flame             Conj/Fire      #.......     100%        4    N/A
 Summon Ice Beast         Ice/Summ       #.......     100%        4    N/A
 Summon Lightning Spire   Summ/Air       #.......     100%        4    N/A
 Alistair's Intoxication  Tmut/Pois      #.......     100%        5    N/A
 Blade Hands              Tmut           #.........   100%        5    N/A
 Fireball                 Conj/Fire      #.........   100%        5    N/A
 Lee's Rapid Deconstruct  Erth           #.........   100%        5    N/A
 Metabolic Englaciation   Hex/Ice        #.........   100%        5    N/A
 Summon Mana Viper        Hex/Summ       #.......     100%        5    N/A
 Yara's Violent Unravell  Hex/Tmut       #.........   100%        5    N/A
 Bolt of Cold             Conj/Ice       #.........   100%        6    N/A
 Darkness                 Hex            ##........   100%        6    N/A
 Freezing Cloud           Conj/Ice/Air   #.........   100%        6    N/A
 Invisibility             Hex            ##......     100%        6    N/A
 Ozocubu's Refrigeration  Ice            #.........   100%        6    N/A
 Simulacrum               Ice/Necr       #.........   100%        6    N/A
 Ring of Flames           Chrm/Fire      #.........   100%        7    N/A
 Summon Hydra             Summ           #.........   100%        7    N/A

Dungeon Overview and Level Annotations

Branches:
Dungeon (15/15)            Temple (1/1) D:6            Lair (6/6) D:10
  Swamp (4/4) Lair:4       Spider (4/4) Lair:4        Slime (0/5) Lair:5
    Orc (2/2) D:12            Elf (0/3) Orc:2        Vaults (2/5) D:13
  Crypt (0/3) Vaults:2     Depths (0/5) D:15        Ossuary (visited)
 Bailey (visited)           IceCv (visited)         Gauntlet (visited)

Altars:
Ashenzari
Cheibriados
Dithmenos
Elyvilon
Fedhas
Gozag
Hepliaklqana
Kikubaaqudgha
Makhleb
Nemelex Xobeh
Okawaru
Qazlal
Ru
Sif Muna
Trog
Uskayaw
Vehumet
Wu Jian
Xom
Yredelemnul
Zin
The Shining One
Beogh
Jiyva

Shops:
D:4 :   D:6 !   D:7 }   D:8 }   D:9 [   D:12 (   D:15 *   Orc:1 [   Orc:2 :[%:%
Lair:4 ((([(   Vaults:1 ((=%:=

Portals:
Pandemonium: Orc:2

Annotations:
D:4 2 transporters, wazuzu's ghost, amateur GnFi
D:10 1 runed translucent door, Ge0ff's ghost, novice DsNe
D:11 3 runed translucent doors, losten's ghost, journeyman HOFi
Vaults:2 Gastoe's ghost, veteran GrEE


Innate Abilities, Weirdness & Mutations

You do not eat.
Your natural rate of healing is unusually fast.
You have razor-sharp teeth.
You have supernaturally acute eyesight. (SInv)
You can survive without breathing.
You have a pair of small antennae on your head.
Your flesh is cold resistant. (rC+)
Armour fits poorly on your strangely shaped body.
Your body often deteriorates upon taking damage.
You are robust. (+10% HP)
Your muscles are strong. (Str +2)


Message History

Gastoe's ghost is severely damaged.
You feel sick. Gastoe's ghost casts a spell at you. The bolt of fire hits you!
You resist.
* * * LOW HITPOINT WARNING * * *
The jumping spider leaps!
You completely miss Gastoe's ghost.
Gastoe's ghost is severely damaged.
* * * LOW HITPOINT WARNING * * *
You feel sick. Gastoe's ghost hits you.
* * * LOW HITPOINT WARNING * * *
Unknown command.
You miss Gastoe's ghost. You bite Gastoe's ghost.
Gastoe's ghost is severely damaged.
* * * LOW HITPOINT WARNING * * *
You feel sick. Gastoe's ghost casts a spell at you. The blast of sand hits you.
You die...
Your body crumbles into a pile of gold.

#:#c#.#.^..# ##...###....).
#!.^..'.T^.# ##.## #..####
#[$.#.'Ta.^# ### #..#...
#..^..Tccc.# #..#... #.#.#.#pcpp#
#..#.)) #^.^.F#cgsc# ######)#
#.#.^§#gHuu###########.......
#8s^.8#pgupW.........#.......
##### ######@........#.......
#.........#.......
#.s.......#....... #
#.........'....... #
#########.........######## #
#.....<.#.........# #
#.......+.........#
########.......#.........#
#......#.......#######'##########


You could see an ironheart preserver, a sphinx, a vault warden, a yaktaur
captain, an entropy weaver, 3 ugly things, a wolf spider, 2 deep trolls, an
ironbrand convoker, a deep troll shaman, 5 yaktaurs, a wizard, a jumping spider,
a bullfrog shaped shifter, 3 boggarts and Gastoe's ghost.

Vanquished Creatures
  The ghost of Lior the Warrior, an adept MiFi of Okawaru (Vaults:1)
  A bone dragon (Swamp:4)
  Nikola (Spider:3)
  Gastronok (D:10)
  A sphinx (Vaults:1)
  Kirke (Lair:5)
  2 thorn hunters
  A revenant (Vaults:2)
  The ghost of Enkaggoq the Protected, a journeyman MiGl of Makhleb (Swamp:1)
  A fire giant (Vaults:1)
  3 vault wardens
  A frost giant (IceCv)
  Aizul (Swamp:2)
  5 ghost moths
  The ghost of P0WERM0DE the Spawn of Chaos, a journeyman DDFi of Makhleb (Swamp:4)
  8 emperor scorpions
  A ghoul (Vaults:1)
  4 ironheart preservers
  2 entropy weavers
  3 very ugly things
  A deep elf annihilator (Vaults:1)
  A dire elephant (Gauntlet)
  A minotaur (Gauntlet)
  A spark wasp (Spider:4)
  A spark wasp (shapeshifter) (Vaults:2)
  An ettin (Vaults:1)
  5 fire dragons
  3 ice dragons
  A jiangshi (Vaults:2)
  A yaktaur captain (Vaults:1)
  Erolcha (D:9)
  3 ogre magi
  Harold (D:7)
  A vault guard (Vaults:1)
  2 rakshasas (Vaults:2)
  15 hydras
  4 ghost crabs
  8 centaur warriors
  13 two-headed ogres
  A shambling mangrove (Lair:4)
  3 death knights
  2 deep troll shamans (Vaults:1)
  A tengu warrior (D:14)
  13 alligators
  4 death yaks (Lair:3)
  Sonja (Lair:1)
  4 orc high priests (Orc:2)
  19 skeletal warriors
  A death drake (Swamp:4)
  3 unseen horrors
  2 spriggan druids
  A wizard (Vaults:1)
  2 glowing orange brains (Vaults:2)
  A tengu zombie (Vaults:2)
  A gelid demonspawn (Orc:2)
  9 deep trolls
  5 swamp dragons
  An infernal demonspawn (Orc:2)
  10 orc knights
  A torturous demonspawn (Orc:2)
  2 phantasmal warriors (Swamp:4)
  7 ironbrand convokers
  4 spectral hydras (Swamp:4)
  Pikel (D:6)
  31 wolf spiders
  3 necromancers
  2 lindwurms (Lair:6)
  13 orb spiders
  23 ugly things
  9 cyclopes
  A cyclops (shapeshifter) (D:15)
  4 deep elf magi
  A moth of wrath (Spider:4)
  9 orc sorcerers
  7 manticores
  A salamander (D:15)
  13 elephants
  8 black mambas
  Joseph (D:9)
  5 vault sentinels (Vaults:2)
  6 torpor snails
  2 centaur skeletons
  A gargoyle (D:13)
  An ice statue (IceCv)
  An orange demon (Orc:2)
  3 kobold demonologists (D:12)
  7 komodo dragons
  17 spiny frogs
  A rime drake (Lair:6)
  19 yaktaurs
  11 demonic crawlers
  A komodo dragon (shapeshifter) (Gauntlet)
  6 freezing wraiths
  A hellwing (Orc:2)
  5 swamp worm zombies (Swamp:4)
  A troll (shapeshifter) (D:13)
  2 tengu conjurers (D:14)
  8 trolls
  36 jumping spiders
  A red devil (Orc:2)
  2 queen bees
  3 hydra zombies (Swamp:4)
  3 meliai
  20 polar bears
  10 tyrant leeches
  21 hornets
  An ettin zombie (Vaults:2)
  20 slime creatures
  6 bog bodies
  Prince Ribbit (D:5)
  21 blink frogs
  A wind drake (shapeshifter) (D:14)
  4 dream sheep (Lair:6)
  The ghost of Thantalas the Sneak, an amateur OpWz (D:4)
  A meliai zombie (D:14)
  9 hippogriffs
  2 spectral swamp dragons (Swamp:4)
  An alligator zombie (Swamp:4)
  7 spriggans
  20 tarantellas
  74 redbacks
  2 shadows (Swamp:2)
  A ynoxinul (Orc:2)
  Eustachio (D:5)
  Grum (D:9)
  45 yaks
  4 wraiths
  2 wyverns
  A hog (Lair:5)
  2 fire elementals (D:14)
  A golden eye (shapeshifter) (Vaults:1)
  3 steam dragons (Lair:6)
  3 hungry ghosts
  17 vampire mosquitoes
  3 basilisks
  A two-headed ogre zombie (D:12)
  10 swamp worms
  4 wargs
  15 insubstantial wisps
  2 acid dragons
  A soldier ant (D:12)
  8 porcupines
  28 water moccasins
  3 sky beasts
  A meliai simulacrum (D:15)
  35 orc warriors
  5 swamp drakes
  A black bear (shapeshifter) (Vaults:1)
  A necrophage (D:11)
  6 ice beasts
  A boggart (Vaults:2)
  An eye of draining (D:14)
  8 phantoms
  19 wolves
  16 ogres
  4 swamp dragon zombies (Swamp:4)
  16 centaurs
  2 human skeletons (Vaults:2)
  14 crocodiles
  3 big kobolds
  Blork the orc (D:4)
  11 bullfrogs
  8 scorpions
  2 troll zombies (D:12)
  28 killer bees
  8 wights
  2 bullfrog zombies
  A lava snake (D:14)
  3 centaur zombies
  8 crimson imps
  5 jellies
  5 hounds
  30 orc priests
  A quasit (D:12)
  2 bullfrog skeletons
  24 orc wizards
  Crazy Yiuf (D:6)
  4 iguanas
  9 worker ants
  5 ogre zombies (D:12)
  A hound zombie (D:6)
  2 hound skeletons (D:11)
  A worker ant zombie (D:11)
  13 mummies (Ossuary)
  16 gnolls
  2 swamp drake zombies (Swamp:4)
  26 adders
  A shadow imp (D:8)
  10 white imps (Lair:5)
  2 oozes
  2 worms
  6 dart slugs
  6 leopard geckos
  86 orcs
  9 bats
  6 giant cockroaches
  9 goblins
  9 hobgoblins
  19 jackals
  40 kobolds
  5 quokkas
  3 ball pythons
  5 frilled lizards
  2 gnoll skeletons (Ossuary)
  6 goblin skeletons
  2 goblin zombies (D:12)
  A hobgoblin skeleton (D:12)
  5 hobgoblin zombies (D:12)
  A jackal skeleton (D:5)
  A kobold skeleton (Ossuary)
  2 orc skeletons
  13 orc zombies (D:12)
  A quokka skeleton (D:5)
  8 rats
  11 rat skeletons (Ossuary)
  A fire vortex (D:14)
  2 plants
1476 creatures vanquished.

Vanquished Creatures (collateral kills)
  A hydra (Lair:5)
  3 oklob plants (Lair:4)
  A hog (Lair:5)
  2 bullfrogs (Lair:5)
7 creatures vanquished.

Vanquished Creatures (others)
  An ironheart preserver (Vaults:1)
  2 vault guards (Vaults:1)
  An alligator (Swamp:4)
  A kobold demonologist (D:11)
  A jumping spider (Spider:3)
  A tyrant leech (Swamp:4)
  A hornet (Swamp:3)
  2 slime creatures (Swamp:4)
  A human (Lair:5)
  A swamp worm (Swamp:4)
  An insubstantial wisp (Swamp:4)
  An orc warrior (Vaults:1)
  A black bear (D:6)
  2 slaves (D:6)
  A centaur (Vaults:1)
  A killer bee (D:11)
  A howler monkey (D:6)
  A jelly (D:6)
  A worker ant (D:4)
  An adder (D:4)
  2 white imps (Lair:5)
  2 orcs (D:6)
  An orc zombie (D:14)
  2 briar patches (Swamp:2)
  6 fungi
  14 plants
50 creatures vanquished.

Grand Total: 1533 creatures vanquished

Notes
Turn   | Place    | Note
-------+----------+-------------------------------------------
     0 | D:1      | SilverFang the Vampire Monk began the quest for the Orb.
     0 | D:1      | Reached XP level 1. HP: 17/17 MP: 1/1
   139 | D:1      | Reached XP level 2. HP: 24/24 MP: 2/2
   437 | D:1      | Reached XP level 3. HP: 26/29 MP: 3/3
  1090 | D:2      | Reached skill level 4 in Long Blades
  1429 | D:3      | Reached XP level 4. HP: 31/37 MP: 4/4
  1468 | D:3      | Learned a level 1 spell: Confusing Touch
  1551 | D:3      | Learned a level 1 spell: Animate Skeleton
  1553 | D:3      | Learned a level 1 spell: Apportation
  1565 | D:3      | Reached skill level 1 in Hexes
  2035 | D:4      | Found a bloodstained altar of Trog.
  2141 | D:4      | Found Curet's Book Emporium.
  2155 | D:4      | Reached XP level 5. HP: 42/42 MP: 3/5
  2281 | D:4      | Reached skill level 5 in Hexes
  2331 | D:4      | Noticed an ogre
  2332 | D:4      | Found a shadowy altar of Dithmenos.
  2357 | D:4      | Killed an ogre
  2357 | D:4      | Reached XP level 6. HP: 22/48 MP: 4/6
  2547 | D:4      | Noticed Blork the orc
  2563 | D:4      | Killed Blork the orc
  2563 | D:4      | Reached XP level 7. HP: 40/55 MP: 5/7
  2606 | D:4      | Reached skill level 5 in Long Blades
  2800 | D:4      | Noticed wazuzu's ghost (amateur GnFi)
  2801 | D:4      | Found a transporter.
  2809 | D:4      | Found a transporter.
  3015 | D:5      | Entered Level 5 of the Dungeon
  3033 | D:5      | Reached skill level 5 in Dodging
  3049 | D:5      | Found a shimmering altar of Xom.
  3078 | D:5      | Noticed Eustachio
  3131 | D:5      | Killed Eustachio
  3131 | D:5      | Reached skill level 5 in Fighting
  3266 | D:4      | Reached XP level 8. HP: 60/62 MP: 8/8
  3358 | D:5      | Reached skill level 6 in Long Blades
  3565 | D:5      | Found an iron altar of Okawaru.
  3566 | D:5      | Found a sparkling altar of Nemelex Xobeh.
  3570 | D:5      | Found a sacrificial altar of Ru.
  3576 | D:5      | Found an opulent altar of Gozag.
  3751 | D:5      | Found a runed translucent gate.
  3752 | D:5      | Found a runed translucent gate.
  3752 | D:5      | Identified the cursed +1 battleaxe "Musuargh" {freeze,
                  | rElec SInv}
  3752 | D:5      | Identified the +5 chain mail of the Desolation of Salt
                  | {-Tele Int+2 Dex+5}
  3753 | D:5      | Found a runed translucent gate.
  3753 | D:5      | Found a roughly hewn altar of Beogh.
  3753 | D:5      | Noticed Thantalas's ghost (amateur OpWz)
  3964 | D:4      | Killed Thantalas's ghost
  4247 | D:5      | Reached skill level 7 in Long Blades
  4418 | D:6      | Noticed Pikel
  4433 | D:6      | Killed Pikel
  4433 | D:6      | Reached XP level 9. HP: 53/71 MP: 9/9
  4445 | D:6      | Noticed Prince Ribbit
  4828 | D:5      | Killed Prince Ribbit
  4932 | D:6      | Reached skill level 8 in Long Blades
  4979 | D:6      | Found Inevobb's Distillery.
  4986 | D:6      | Bought a potion of lignification for 36 gold pieces
  4986 | D:6      | Bought a potion of brilliance for 48 gold pieces
  4986 | D:6      | Bought a potion of degeneration for 12 gold pieces
  4986 | D:6      | Bought a potion of ambrosia for 96 gold pieces
  5077 | D:6      | Found a hide-covered altar of Uskayaw.
  5235 | D:6      | Found a staircase to the Ecumenical Temple.
  5286 | D:6      | Found a runed translucent door.
  5287 | D:6      | Noticed Crazy Yiuf
  5551 | D:6      | Killed Crazy Yiuf
  5608 | Temple   | Entered the Ecumenical Temple
  5740 | D:5      | Became a worshipper of Gozag Ym Sagoz the Greedy
  5795 | D:7      | Noticed Harold
  5830 | D:7      | Killed Harold
  5830 | D:7      | Reached XP level 10. HP: 67/80 MP: 10/10
  6009 | D:7      | Reached skill level 9 in Long Blades
  6083 | D:7      | Found a burning altar of Makhleb.
  6259 | D:7      | Found a stormy altar of Qazlal.
  6281 | D:7      | Found Somojim's Gadget Boutique.
  6394 | D:7      | Paralysed by a hornet for 1 turns
  6905 | D:8      | Found Seepte Cowne's Gadget Shoppe.
  7022 | D:8      | Reached skill level 10 in Dodging
  7193 | D:8      | Reached skill level 1 in Armour
  7312 | D:8      | Found a glowing golden altar of the Shining One.
  7328 | D:8      | Found a sand-covered staircase.
  7335 | Ossuary  | Entered an ossuary
  8043 | D:9      | Reached skill level 10 in Long Blades
  8072 | D:9      | Noticed Erolcha
  8111 | D:9      | HP: 2/83 [Erolcha/+0 giant club (22)]
  8119 | D:9      | Killed Erolcha
  8119 | D:9      | Reached XP level 11. HP: 16/89 MP: 11/11
  8305 | D:9      | Bought a pitted chain mail for 209 gold pieces
  8315 | D:9      | Identified the +8 chain mail of Lilacs {rF+ rC+ MP-9
                  | Stlth+} (You bought it in a shop on level 9 of the Dungeon)
  8327 | D:9      | Noticed Joseph
  8348 | D:9      | Killed Joseph
  8413 | D:9      | Noticed Grum
  8444 | D:9      | Killed Grum
  8889 | D:9      | Found a blossoming altar of Fedhas.
  9086 | D:9      | Bought a pair of glowing boots for 165 gold pieces
  9086 | D:9      | Bought an embroidered cloak for 165 gold pieces
  9096 | D:9      | Identified a +2 pair of boots of running (You bought it in
                  | a shop on level 9 of the Dungeon)
  9124 | D:10     | Entered Level 10 of the Dungeon
  9168 | D:10     | Noticed Gastronok
  9189 | D:10     | Killed Gastronok
  9463 | D:10     | Found a runed translucent door.
  9464 | D:10     | Found a shimmering altar of Xom.
  9464 | D:10     | Noticed Ge0ff's ghost (novice DsNe)
  9464 | D:10     | Noticed a +2 quarterstaff of chaos
  9619 | D:10     | Found a flagged portal.
  9631 | Bailey   | Entered a bailey
 10037 | Bailey   | Noticed an orc knight
 10057 | Bailey   | Killed an orc knight
 10174 | D:10     | Found a staircase to the Lair.
 10810 | D:11     | Reached skill level 5 in Stealth
 10821 | D:11     | Upgraded the game from 0.24-a0-581-gc0fa6600bf to
                  | 0.24-a0-584-g9d6b971ae4
 10987 | D:11     | Noticed a two-headed ogre
 11011 | D:11     | Reached skill level 11 in Long Blades
 11024 | D:11     | Killed a two-headed ogre
 11037 | D:11     | Reached skill level 5 in Evocations
 11246 | D:11     | Noticed an unseen horror
 11252 | D:11     | Killed an unseen horror
 11252 | D:11     | Reached XP level 12. HP: 94/96 MP: 5/16
 11261 | D:11     | Found a runed translucent gate.
 11261 | D:11     | Found a runed translucent gate.
 11261 | D:11     | Found a runed translucent gate.
 11269 | D:11     | Noticed losten's ghost (journeyman HOFi)
 11613 | D:12     | Gained mutation: You are clumsy. (Dex -2) [a neqoxec]
 11695 | D:12     | Reached skill level 12 in Long Blades
 11802 | D:12     | Found a staircase to the Orcish Mines.
 11931 | D:12     | Bought a scorched rapier for 315 gold pieces
 11931 | D:12     | Identified the +8 rapier of Cethrenk {vamp, MP-9 Dex+8}
                  | (You bought it in a shop on level 12 of the Dungeon)
 12225 | D:12     | You fall into a shaft and drop 3 floors!
 12225 | D:15     | Entered Level 15 of the Dungeon
 12264 | D:14     | Noticed a two-headed ogre
 12277 | D:15     | Killed a two-headed ogre
 12527 | D:14     | Noticed a tengu warrior
 12535 | D:14     | Killed a tengu warrior
 12680 | D:14     | Noticed a centaur warrior
 12692 | D:14     | Killed a centaur warrior
 12692 | D:14     | Reached skill level 1 in Shields
 12853 | D:12     | Identified a scroll of acquirement
 13198 | D:13     | Noticed a two-headed ogre
 13210 | D:13     | Killed a two-headed ogre
 13233 | D:13     | Reached XP level 13. HP: 71/103 MP: 1/19
 13347 | D:13     | Found a gate to the Vaults.
 13486 | D:13     | Found a stormy altar of Qazlal.
 13747 | D:13     | Reached skill level 10 in Evocations
 14176 | D:14     | Reached skill level 10 in Fighting
 14214 | D:14     | Found the +9 heavy crossbow "Sniper" {velocity, Acc+∞ SInv}
 14291 | D:14     | Reached skill level 5 in Armour
 14327 | D:14     | Reached skill level 1 in Crossbows
 15153 | Lair:1   | Entered Level 1 of the Lair of Beasts
 15209 | Lair:1   | Got a crude dagger
 15220 | Lair:1   | Identified the cursed +2 dagger of Yptik {pierce, rElec rF+
                  | Int-3} (You found it on level 1 of the Lair of Beasts)
 15301 | Lair:1   | Noticed Sonja
 15302 | Lair:1   | Killed Sonja
 16010 | Lair:2   | Reached skill level 5 in Crossbows
 16166 | Lair:2   | You fall into a shaft and drop 1 floor!
 16231 | Lair:3   | Reached XP level 14. HP: 110/110 MP: 12/21
 16292 | Lair:3   | Reached XP level 15. HP: 91/115 MP: 4/22
 16378 | Lair:3   | Lost mutation: You are clumsy. (Dex -2) [potion of
                  | mutation]
 16378 | Lair:3   | Gained mutation: Armour fits poorly on your strangely
                  | shaped body. [potion of mutation]
 16378 | Lair:3   | Gained mutation: You evolve. [potion of mutation]
 16378 | Lair:3   | Gained mutation: You can translocate small distances at
                  | will. [potion of mutation]
 17357 | Lair:4   | Found a staircase to the Swamp.
 18694 | Lair:4   | Found a hole to the Spider Nest.
 18987 | Lair:4   | Reached skill level 10 in Crossbows
 19222 | Lair:5   | Found a viscous altar of Jiyva.
 19242 | Lair:5   | Found a staircase to the Slime Pits.
 19522 | Lair:5   | Noticed Kirke
 19536 | Lair:5   | HP: 5/115 [poisoned by a spiny frog]
 19537 | Lair:5   | Killed Kirke
 19725 | Lair:5   | Gained mutation: Your flesh is cold resistant. (rC+)
                  | [evolution]
 19728 | Lair:5   | Found a frozen archway.
 19739 | IceCv    | Entered an ice cave
 20174 | IceCv    | Noticed a frost giant
 20194 | IceCv    | Killed a frost giant
 20467 | IceCv    | Got a scorched great sword
 20482 | IceCv    | Got a bloodstained glaive
 20502 | IceCv    | Identified the +6 great sword of Subterfuge {holy, -Tele
                  | rC++} (You found it in an ice cave)
 20505 | IceCv    | Identified the +6 glaive of Greed {chop, rN+ Int+4} (You
                  | found it in an ice cave)
 21279 | Lair:6   | Entered Level 6 of the Lair of Beasts
 21282 | Lair:6   | Found a gate leading to a gauntlet.
 21301 | Gauntlet | Entered a Gauntlet
 21301 | Gauntlet | Found a transporter.
 21310 | Gauntlet | Found a transporter.
 21325 | Gauntlet | Found a transporter.
 21330 | Gauntlet | Found a transporter.
 21351 | Gauntlet | Found a transporter.
 21361 | Gauntlet | Found a transporter.
 21376 | Gauntlet | Found a transporter.
 21388 | Gauntlet | Found a transporter.
 21394 | Gauntlet | Found a transporter.
 21394 | Gauntlet | Found a transporter.
 21409 | Gauntlet | Found a transporter.
 21415 | Gauntlet | Found a transporter.
 21430 | Gauntlet | Found a transporter.
 21436 | Gauntlet | Found a transporter.
 21475 | Gauntlet | Found a transporter.
 21500 | Gauntlet | Found a transporter.
 21502 | Gauntlet | Found a transporter.
 21604 | Gauntlet | Found a transporter.
 21761 | Gauntlet | Reached skill level 13 in Long Blades
 21847 | Gauntlet | Got a transparent golden amulet
 21848 | Gauntlet | Identified the amulet "Pumyll" {Acrobat rElec rPois Stlth+}
                  | (You found it in a Gauntlet)
 21878 | Gauntlet | Got a transparent golden ring
 21901 | Gauntlet | Identified the ring "Gimyrhep" {+Fly rF+ MR+ Slay+5} (You
                  | found it in a Gauntlet)
 21909 | Lair:6   | Lost mutation: You can translocate small distances at will.
                  | [potion of mutation]
 21909 | Lair:6   | Lost mutation: Armour fits poorly on your strangely shaped
                  | body. [potion of mutation]
 21909 | Lair:6   | Lost mutation: You evolve. [potion of mutation]
 21909 | Lair:6   | Gained mutation: Your muscles are strong. (Str +2) [potion
                  | of mutation]
 21909 | Lair:6   | Gained mutation: Your body sometimes deteriorates upon
                  | taking damage. [potion of mutation]
 21909 | Lair:6   | Gained mutation: You have a pair of small antennae on your
                  | head. [potion of mutation]
 21909 | Lair:6   | Gained mutation: You are robust. (+10% HP) [potion of
                  | mutation]
 22147 | Lair:6   | Found a snail-covered altar of Cheibriados.
 22264 | Lair:6   | Reached skill level 14 in Long Blades
 22265 | Lair:6   | Reached XP level 16. HP: 63/134 MP: 5/23
 22569 | Lair:6   | Found a runed translucent door.
 23470 | Orc:1    | Entered Level 1 of the Orcish Mines
 23535 | Orc:1    | Found Cejyff's Antique Armour Boutique.
 23563 | Orc:1    | Found a roughly hewn altar of Beogh.
 23928 | Orc:2    | Entered Level 2 of the Orcish Mines
 23932 | Orc:2    | Found a staircase to the Elven Halls.
 24094 | Orc:2    | Found a roughly hewn altar of Beogh.
 24108 | Orc:2    | Found Foqoifiu's Book Boutique.
 24354 | Orc:2    | Found Niseibal's Food Shoppe.
 24368 | Orc:2    | Found Rater's Food Emporium.
 24923 | Orc:2    | Reached skill level 15 in Long Blades
 25376 | Orc:2    | Found Buom's Book Boutique.
 25376 | Orc:2    | Found Diasaqy's Antique Armour Shop.
 25376 | Orc:2    | Found a one-way gate leading to the halls of Pandemonium.
 25422 | Orc:2    | Bought a manual of Dodging for 1324 gold pieces
 26048 | D:15     | Found a staircase to the Depths.
 26320 | D:15     | Found a shattered altar of Ashenzari.
 26340 | D:15     | Found Opegh's Assorted Antiques.
 26382 | D:15     | Bought a warped great sword for 253 gold pieces
 26382 | D:15     | Identified the +5 great sword "Uruso" {pain, +Rage} (You
                  | bought it in a shop on level 15 of the Dungeon)
 26433 | D:15     | Bought a pair of runed gloves for 165 gold pieces
 26942 | Spider:1 | Entered Level 1 of the Spider Nest
 27186 | Lair:4   | Bought 26 bolts for 62 gold pieces
 27188 | Lair:4   | Bought a pair of heavily runed gloves for 304 gold pieces
 27198 | Lair:4   | Identified the +2 pair of gloves of Wasted Space {MR+} (You
                  | bought it in a shop on level 4 of the Lair of Beasts)
 27201 | Lair:4   | Bought a faintly humming plate armour for 896 gold pieces
 27214 | Lair:4   | Identified the cursed +1 plate armour of Hampe {rN+ Str+6
                  | Int+3} (You bought it in a shop on level 4 of the Lair of
                  | Beasts)
 27331 | Lair:4   | Bought smoking quicksilver dragon scales for 2080 gold
                  | pieces
 27341 | Lair:4   | Identified the quicksilver dragon scales of Ziduylem {MR+
                  | Int+7} (You bought it in a shop on level 4 of the Lair of
                  | Beasts)
 27739 | Spider:1 | Reached skill level 15 in Dodging
 27910 | Spider:2 | Identified the +5 fustibalus of Radicalism {venom, Str+6}
                  | (You found it on level 2 of the Spider Nest)
 27929 | Spider:2 | Reached XP level 17. HP: 140/140 MP: 15/24
 28544 | Spider:3 | Noticed Nikola
 28552 | Spider:3 | Killed Nikola
 29501 | Spider:4 | Entered Level 4 of the Spider Nest
 30461 | Spider:4 | Reached skill level 16 in Long Blades
 30512 | Spider:4 | Reached skill level 10 in Armour
 31060 | Spider:4 | Got a gossamer rune of Zot
 31272 | Lair:4   | Reached XP level 18. HP: 147/147 MP: 16/25
 31319 | Swamp:1  | Entered Level 1 of the Swamp
 31567 | Swamp:1  | You fall into a shaft and drop 1 floor!
 32023 | Swamp:2  | Noticed Aizul
 32036 | Swamp:2  | Killed Aizul
 32474 | Swamp:1  | Found a basalt altar of Yredelemnul.
 32589 | Swamp:1  | Found a runed translucent gate.
 32590 | Swamp:1  | Found a runed translucent gate.
 32591 | Swamp:1  | Found a runed translucent gate.
 32606 | Swamp:1  | Noticed Enkaggoq's ghost (journeyman MiGl)
 32620 | Swamp:1  | Killed Enkaggoq's ghost
 32624 | Swamp:1  | Got a bound tin ring
 32625 | Swamp:1  | Identified the ring "Falloido" {Int+4 SInv} (You found it
                  | on level 1 of the Swamp)
 34182 | Swamp:4  | Entered Level 4 of the Swamp
 34940 | Swamp:4  | Found a large runed translucent door.
 34941 | Swamp:4  | Found a large runed translucent door.
 34944 | Swamp:4  | Noticed P0WERM0DE's ghost (journeyman DDFi)
 34958 | Swamp:4  | Killed P0WERM0DE's ghost
 35170 | Swamp:4  | Reached skill level 17 in Long Blades
 35434 | Swamp:4  | Noticed a bone dragon
 35450 | Swamp:4  | Killed a bone dragon
 35789 | Swamp:4  | Got a decaying rune of Zot
 36064 | Vaults:1 | Entered Level 1 of the Vaults
 36067 | Vaults:1 | Bought a runed great sword for 342 gold pieces
 36296 | Vaults:1 | Found Jegudwast's Jewellery Shoppe.
 36306 | Vaults:1 | Found Wur Teck's Food Emporium.
 36519 | Vaults:1 | Found Xicyetso's Jewellery Emporium.
 36530 | Vaults:1 | Bought a cursed -3 ring of evasion for 32 gold pieces
 36574 | Vaults:1 | Reached XP level 19. HP: 115/154 MP: 14/26
 37671 | Vaults:1 | Found Jutotu's Book Shoppe.
 38046 | Vaults:1 | Found a runed translucent door.
 38048 | Vaults:1 | Noticed Lior's ghost (adept MiFi)
 38072 | Vaults:1 | Killed Lior's ghost
 38607 | Vaults:2 | Reached skill level 18 in Long Blades
 38625 | Vaults:2 | Found a staircase to the Crypt.
 39240 | Vaults:2 | Found a runed translucent gate.
 39241 | Vaults:2 | Found a runed translucent gate.
 39241 | Vaults:2 | Found a runed translucent gate.
 39244 | Vaults:2 | Noticed Gastoe's ghost (veteran GrEE)
 40036 | Vaults:2 | Reached XP level 20. HP: 56/161 MP: 18/27
 40458 | Vaults:2 | Gained mutation: Your body often deteriorates upon taking
                  | damage. [the power of Zot]
 40458 | Vaults:2 | Gained mutation: Armour fits poorly on your strangely
                  | shaped body. [the power of Zot]
 40485 | Vaults:2 | HP: 3/161 [Gastoe's ghost (6)]
 40486 | Vaults:2 | HP: 1/161 [poisoned by Gastoe's ghost (poison arrow)]
 40486 | Vaults:2 | Killed from afar by Gastoe's ghost

Levels and vault maps discovered:
D:1:      dpeg_arrival_chambers_temple_mockup, layout_basic
D:2:      layout_loops_cross, minmay_pentomino_v2
D:3:      layout_loops_cross, small_statue_alley_b, minivault_14
D:4:      layout_loops_cross, nicolae_dithmenos_shadow_blocks, bloody_trog,
          first_ration, gammafunk_ghost_smash, cheibrodos_sewer_entry_bend,
          serial_shops, nicolae_shop_stone, uniq_blork_the_orc
D:5:      layout_cave_pools, xom_butterflies, grunt_temple_overflow_cloverleaf,
          biasface_ghost_orc_armoury, uniq_eustachio
D:6:      layout_loops_ring, lemuel_doored_altar, minmay_temple_entry_slanted,
          serial_shops, nicolae_shop_behind_doors, uniq_crazy_yiuf_cottage,
          uniq_pikel, uniq_prince_ribbit1
D:7:      layout_basic, lemuel_round_altar, nicolae_overflow_crystal_walls,
          serial_shops, shop, uniq_harold
D:8:      layout_basic, tso_altar, serial_shops, kennysheep_mini_moat,
          enter_ossuary_1
D:9:      layout_loops_cross, kennysheep_mini, david_nohive_1, uniq_erolcha,
          uniq_grum, uniq_joseph
D:10:     layout_gridville, lair_entry_dummy, ebering_ghost_xom, enter_bailey_3,
          uniq_gastronok
D:11:     layout_rooms, gammafunk_ghost_necromancy
D:12:     layout_cave_pools, zombieorc2_lemuel
D:13:     layout_gridville, david_vaults_1, basic_altar
D:14:     layout_loops_ring, kennysheep_big_empty_room
D:15:     hangedman_depths_entry_try_elsewhere_first, layout_loops_corners,
          basic_altar, serial_shops, nicolae_shop_overgrown_old_shop,
          minmay_misc_feat_doors
Temple:   eino_temple_lava
Lair:1:   layout_cave_pods, lemuel_fruit_tree, uniq_sonja
Lair:2:   layout_cave_shapes, minivault_27, minmay_holes,
          cheibrodos_lair_lostbears
Lair:3:   layout_long_grid, lemuel_fruit_fields, grunt_megastairs_3
Lair:4:   lemuel_reptile_caves, layout_small_grid, swamp_mist,
          spider_nest_entry_a, minmay_lair_oklob_chamber, grunt_megastairs_2
Lair:5:   layout_regular_city, slime_altar_1, portal_ice_cave_entry_imps,
          grunt_megastairs_5, uniq_kirke
Lair:6:   wormcave, layout_loops_ring, guppyfry_lair_end_dragon, basic_altar,
          gauntlet_entry_generic
Swamp:1:  layout_falls_marsh, ebering_ghost_rock_garden,
          nicolae_swamp_triple_paths, lemuel_altar_in_water
Swamp:2:  layout_falls_marsh, evilmike_swamp_ruin_house_6,
          infiniplex_staircase_pool_2, uniq_aizul
Swamp:3:  layout_basic_swamp, nicolae_swamp_trees_clearing
Swamp:4:  swamp_pestilence, layout_basic_swamp, ebering_ghost_disaster_area
Spider:1: layout_spider_delve
Spider:2: layout_spider_delve
Spider:3: spiders_nest_scorpion_pit, uniq_nikola
Spider:4: grunt_spider_rune_circles
Orc:1:    layout_diamond_mine, basic_altar, serial_shops, shop_coins,
          nicolae_orc_lava_room
Orc:2:    pf_orc_diabolical, layout_caves, serial_shops,
          nicolae_shop_statue_plus, basic_altar
Vaults:1: ebering_vaults_ghost_reflecting_pool, vaults_room_fancy_cross,
          ontoclasm_vaults_tryst, v_misc_10, st_lattice, vaults_room_fours,
          layout_vaults_big_room, serial_shops, nicolae_shop_waterfront, shop,
          shop, shop
Vaults:2: gammafunk_vaults_ghost_tricky_traps, v_misc_10, v_misc_17,
          minmay_crypt_entry_simple_walls, vaults_mumra_hex,
          nicolae_vaults_alarming, v_pattern_4, v_misc_33, v_misc_2,
          nicolae_vaults_rhombus_7, ontoclasm_vaults_ligature,
          vaults_mumra_chevron, ontoclasm_vaults_twist,
          layout_vaults_maze_snakey

Skill      XL: |  1  2  3  4  5  6  7  8  9 10 11 12 13 14 15 16 17 18 19 |
---------------+----------------------------------------------------------+-----
Fighting       | 3 4 5 6 8 9 10 | 10.0
Long Blades    | 4 5 7 8 10 11 12 14 15 16 17 18 | 18.5
Hexes          | 3 5 |  5.2
Dodging        | 4 5 7 9 10 15 16 | 16.0
Armour         | 3 4 6 7 8 10 11 13 | 13.1
Evocations     | 5 9 10 | 10.0
Stealth        | 6 8 |  8.9
Shields        | 3 4 |  4.0
Crossbows      | 7 10 11 12 13 14 | 14.9

Action                   |  1- 3 |  4- 6 |  7- 9 | 10-12 | 13-15 | 16-18 | 19-21 || total
-------------------------+-------+-------+-------+-------+-------+-------+-------++-------
Melee: Falchion          |   112 |   174 |     2 |       |       |       |       ||   288
       Bite              |    15 |    36 |    74 |   182 |   164 |   172 |    97 ||   740
       Long sword        |       |       |   328 |       |       |       |       ||   328
       Unarmed           |       |       |    18 |       |       |       |       ||    18
       Scimitar          |       |       |   118 |   901 |       |       |       ||  1019
       Short sword       |       |       |       |    55 |       |       |       ||    55
       Rapier            |       |       |       |   255 |   822 |   735 |       ||  1812
       Great sword       |       |       |       |       |       |   159 |   472 ||   631
 Fire: Heavy crossbow    |       |       |       |       |   230 |   776 |   122 ||  1128
Throw: Dart              |       |       |    16 |       |       |       |       ||    16
       Throwing net      |       |       |       |     4 |       |       |       ||     4
 Cast: Confusing Touch   |       |    13 |    21 |       |       |       |       ||    34
       Apportation       |       |       |       |       |       |    24 |       ||    24
Invok: Call Merchant     |       |       |       |     2 |       |     7 |       ||     9
       Potion Petition   |       |       |       |       |       |     1 |       ||     1
 Abil: Evoke Invisibilit |       |       |       |     3 |     8 |    18 |     1 ||    30
Evoke: Wand              |       |       |    21 |     6 |    34 |    28 |     5 ||    94
       Box of beasts     |       |       |       |       |     1 |       |       ||     1
       Phantom mirror    |       |       |       |       |     1 |       |       ||     1
  Use: Scroll            |     7 |     3 |     4 |     6 |    17 |    23 |       ||    60
       Potion            |       |     3 |     1 |    14 |    10 |     6 |     6 ||    40
 Stab: Sleeping          |     7 |     1 |     1 |     4 |     2 |     7 |     2 ||    24
       Confused          |       |    11 |    26 |     4 |       |       |       ||    41
       Distracted        |       |       |     1 |     7 |    10 |    14 |     7 ||    39
       Invisible         |       |       |     4 |    15 |    43 |    63 |     6 ||   131
       Held in net/web   |       |       |       |     2 |       |     1 |       ||     3
       Paralysed         |       |       |       |     6 |     3 |     3 |     2 ||    14
Armor: Robe              |    13 |       |       |       |       |       |       ||    13
       Ring mail         |     6 |    54 |   144 |       |       |       |       ||   204
       Skin              |       |       |     3 |       |       |       |       ||     3
       Scale mail        |       |       |       |    95 |       |       |       ||    95
       Chain mail        |       |       |       |   610 |   523 |   966 |   218 ||  2317
Dodge: Dodged            |   101 |   126 |   318 |   816 |   591 |  1598 |   302 ||  3852
Block: Buckler           |       |       |       |    30 |    61 |       |       ||    91
       Rpst.: Falchion   |    35 |    45 |       |       |       |       |       ||    80
       Long sword        |       |       |    67 |       |       |       |       ||    67
       Scimitar          |       |       |    35 |   194 |       |       |       ||   229
       Great sword       |       |       |       |       |       |    34 |    43 ||    77

Table legend:
 A = Non-vault XP
 B = Vault XP
 C = Vault XP percentage of total XP
 D = Non-vault monster count
 E = Vault monster count
 F = Vault count percentage of total count
                 A         B        C        D         E       F
            +---------+---------+-------+---------+---------+-------
      Total |  278210 |  164114 |  37.1 |     979 |     514 |  34.4
            +---------+---------+-------+---------+---------+-------
        D:1 |      44 |       0 |   0.0 |      23 |       0 |   0.0
        D:2 |      42 |       3 |   6.7 |      17 |       2 |  10.5
        D:3 |      47 |       0 |   0.0 |      17 |       0 |   0.0
        D:4 |     747 |     343 |  31.5 |      30 |       3 |   9.1
        D:5 |    1186 |     693 |  36.9 |      34 |      11 |  24.4
        D:6 |     806 |     678 |  45.7 |      24 |       2 |   7.7
        D:7 |    1446 |     997 |  40.8 |      10 |       1 |   9.1
        D:8 |    2003 |       0 |   0.0 |      58 |       0 |   0.0
        D:9 |     368 |    3090 |  89.4 |       8 |      20 |  71.4
       D:10 |    1747 |    2325 |  57.1 |      18 |       5 |  21.7
       D:11 |    5705 |       0 |   0.0 |      47 |       0 |   0.0
       D:12 |    5034 |     943 |  15.8 |      21 |      35 |  62.5
       D:13 |    8080 |    1819 |  18.4 |      23 |       3 |  11.5
       D:14 |   17510 |       0 |   0.0 |      49 |       0 |   0.0
       D:15 |    6107 |    1863 |  23.4 |      13 |       4 |  23.5
     Lair:1 |    2845 |     835 |  22.7 |      16 |       1 |   5.9
     Lair:2 |    6031 |    1486 |  19.8 |      19 |       5 |  20.8
     Lair:3 |    8445 |       0 |   0.0 |      22 |       0 |   0.0
     Lair:4 |   10104 |    5711 |  36.1 |      34 |      40 |  54.1
     Lair:5 |    7595 |    2416 |  24.1 |      25 |      15 |  37.5
     Lair:6 |   13253 |   10248 |  43.6 |      35 |      31 |  47.0
    Swamp:1 |   10040 |    1799 |  15.2 |      23 |       1 |   4.2
    Swamp:2 |    8228 |    1676 |  16.9 |      25 |       1 |   3.8
    Swamp:3 |   10683 |       0 |   0.0 |      28 |       0 |   0.0
    Swamp:4 |   18084 |   18170 |  50.1 |      32 |      44 |  57.9
   Spider:1 |   11945 |       0 |   0.0 |      44 |       0 |   0.0
   Spider:2 |    6960 |       0 |   0.0 |      16 |       0 |   0.0
   Spider:3 |   16377 |   13077 |  44.4 |      48 |      25 |  34.2
   Spider:4 |   17627 |   21134 |  54.5 |      40 |      33 |  45.2
      Orc:1 |    1825 |       0 |   0.0 |      22 |       0 |   0.0
      Orc:2 |     932 |   15836 |  94.4 |      20 |      62 |  75.6
   Vaults:1 |   41522 |   20493 |  33.0 |      66 |      19 |  22.4
   Vaults:2 |   34842 |   23057 |  39.8 |      72 |      38 |  34.5
    Ossuary |       0 |     256 | 100.0 |       0 |      32 | 100.0
     Bailey |       0 |     888 | 100.0 |       0 |      34 | 100.0
      IceCv |       0 |    9435 | 100.0 |       0 |      36 | 100.0
   Gauntlet |       0 |    4843 | 100.0 |       0 |      11 | 100.0
            +---------+---------+-------+---------+---------+-------
